 Dungeon Crawl Stone Soup version 0.20.1-1-g8b1a95d (webtiles) character file.

6018 tidbits the Transmogrifier (level 10, -12/84 HPs)
             Began as a Purple Draconian Transmuter on July 6, 2017.
             Was an Elder of Ru.
             Mangled by an orc knight
             ... wielding a +0 great mace
              (37 damage)
             ... in a bailey.
             The game lasted 00:39:48 (5784 turns).

tidbits the Transmogrifier (DrTm)                   Turns: 5784, Time: 00:39:49

Health: -12/84     AC:  2    Str: 13    XL:     10   Next: 56%
Magic:  10/17      EV: 25    Int: 16    God:    Ru [****..]
Gold:   489        SH:  0    Dex: 20    Spells: 7/18 levels left

rFire    x x .     SeeInvis .     - Unarmed
rCold    . . .     Gourm    .   (shield currently unavailable)
rNeg     . . .     Faith    .   (armour unavailable)
rPois    x         Spirit   .   (helmet currently unavailable)
rElec    .         Reflect  .   (cloak currently unavailable)
rCorr    .         Harm     .   (gloves currently unavailable)
MR       +....                  (boots currently unavailable)
Stlth    +++.......             (no amulet)
Regen    0.3/turn               S - ring of ice
MPRegen  0.2/turn               M - +3 ring of dexterity

@: exhausted, spider-form, no scrolls
A: (breathe power), unfitting armour, inability to read while threatened,
temperature sensitive, AC +7
a: End Transformation, Draw Out Power, Power Leap, Renounce Religion


You were in a bailey.
You worshipped Ru.
Ru was greatly pleased with you.
You were hungry.
You were a venomous arachnid creature.
You visited 1 branch of the dungeon, and saw 10 of its levels.
You also visited: Bailey.

You collected 552 gold pieces.
You spent 63 gold pieces at shops.

Inventory:

Hand Weapons
 b - a +0 hunting sling
 d - a +0 dagger
 k - a cursed -1 dagger
Missiles
 a - 115 arrows
 f - 21 sling bullets
 q - 156 stones (quivered)
 L - 3 tomahawks
 W - 39 tomahawks of returning
Armour
 C - a +0 cloak (melded)
 D - a +0 buckler (melded)
 G - a +0 pair of gloves (melded)
Jewellery
 l - an uncursed ring of fire
   (You found it on level 2 of the Dungeon)
 M - a +3 ring of dexterity (right front leg)
   (You found it on level 8 of the Dungeon)
 S - a ring of ice (left front leg)
   (You found it on level 9 of the Dungeon)
Wands
 e - a wand of scattershot (2/9)
 v - a wand of iceblast (5/15)
 B - a wand of iceblast (8/15)
 O - a wand of confusion (28/48)
 R - a wand of lightning (10/15)
Scrolls
 g - a scroll of random uselessness {unknown}
 h - a scroll of noise {unknown}
 i - 2 scrolls of enchant weapon {unknown}
 r - 6 scrolls of remove curse
 s - a scroll of fear {unknown}
 u - 6 scrolls of teleportation {unknown}
 x - 4 scrolls of amnesia {unknown}
 y - a scroll of immolation {unknown}
 z - 3 scrolls of blinking {unknown}
 F - a scroll of silence {unknown}
 Q - a scroll of recharging {unknown}
 U - a scroll of holy word {unknown}
Potions
 j - 3 potions of degeneration {unknown}
 m - a potion of invisibility
 n - 3 potions of agility {unknown}
 p - 2 potions of curing {unknown}
 w - a potion of might
 A - a potion of haste {unknown}
 E - a potion of resistance {unknown}
 I - 2 potions of berserk rage {unknown}
 J - a potion of heal wounds
 N - a potion of lignification {unknown}
 V - a potion of cancellation {unknown}
 X - a potion of magic {unknown}
Books
 o - a book of Changes

   Spells                             Type                      Level
   a - Beastly Appendage              Transmutation                1
   b - Sticks to Snakes               Transmutation                2
   c - Spider Form                    Transmutation/Poison         3
   d - Ice Form                       Ice/Transmutation            4
   e - Blade Hands                    Transmutation                5
 P - a book of Minor Magic
   (You found it on level 9 of the Dungeon)

   Spells                             Type                      Level
   a - Magic Dart                     Conjuration                  1
   b - Blink                          Translocation                2
   c - Call Imp                       Summoning                    2
   d - Slow                           Hexes                        2
   e - Conjure Flame                  Conjuration/Fire             3
   f - Mephitic Cloud                 Conjuration/Poison/Air       3
Comestibles
 c - 4 bread rations
 t - 6 royal jellies
 H - a meat ration
 K - a fruit


   Skills:
 - Level 6.6 Fighting
 - Level 5.7 Dodging
 - Level 3.0 Stealth
 - Level 4.1 Shields
 + Level 7.4 Unarmed Combat
 - Level 4.9 Spellcasting
 - Level 8.3 Transmutations
 - Level 1.6 Poison Magic
 - Level 5.1 Evocations


You had 7 spell levels left.
You knew the following spells:

 Your Spells              Type           Power        Failure   Level  Hunger
e - Beastly Appendage     Tmut           ####..       3%          1    None
h - Blade Hands           Tmut           ####......   32%         5    ######.
k - Sticks to Snakes      Tmut           ####....     4%          2    ##.....
p - Spider Form           Tmut/Pois      ###.......   17%         3    ###....


Dungeon Overview and Level Annotations

Branches:
Dungeon (10/15)            Temple (0/1) D:5
   Lair: D:8-11         Orc: D:9-12

Altars:
Dithmenos
Nemelex Xobeh
Ru
Vehumet
Xom
Yredelemnul
The Shining One

Shops:
D:8 *   D:10 *

Annotations:
D:4 vishdafish's ghost, amateur GrFi
D:8 exclusion: 2 wights


Innate Abilities, Weirdness & Mutations

((You can breathe bolts of dispelling energy.))
((Your rich purple scales are hard. (AC +7)))
You cannot fit into any form of body armour.
((You are cold-blooded and may be slowed by cold attacks.))
You cannot read scrolls while threatened.
You are sensitive to extremes of temperature. (rF-, rC-)


Message History

An orc knight comes into view. It is wielding a great mace.
The kobold closely misses you.
There is an open door here.
The orc knight shouts!
You hit the kobold.
You kill the kobold!
The hobgoblin throws a tomahawk of returning.
The tomahawk of returning misses you.
The weapon returns to the hobgoblin!
A gnoll comes into view. It is wielding a halberd.
You redirect the hobgoblin's attack!
The hobgoblin barely misses the orc knight.
A kobold comes into view.
Items here: ! ( ) † 4 tomahawks of returning; 3 puce potions; a halberd; a gnoll corpse The gnoll shouts!
The kobold shouts!
You bite the hobgoblin!
You kill the hobgoblin!
The kobold moves out of view.
There is an open door here.
Your transformation is almost over.
There is an open door here.
You bite the orc knight!
The orc knight is poisoned.
The orc knight is lightly wounded.
The orc knight barely misses you.
Aiming: Power Leap
Press: ? - help, Dir - move target cursor You kill the gnoll! x2
Your transformation has ended.
Your +0 cloak unmelds from your body.
Your +0 pair of gloves unmelds from your body.
Your +0 buckler unmelds from your body.
Unknown command.
You hit the orc knight but do no damage.
The orc knight is heavily wounded.
The orc knight closely misses you.
The kobold throws a tomahawk of returning.
The tomahawk of returning hits you.
You focus your will and illuminate the kobold in retribution!
The weapon returns to the kobold!
Casting: Spider Form
Confirm with . or Enter, or press ? or * to list all spells.
You turn into a venomous arachnid creature.
Your +0 cloak melds into your body.
Your +0 pair of gloves melds into your body.
Your +0 buckler melds into your body.
The kobold throws a tomahawk of returning.
The tomahawk of returning completely misses you.
The weapon returns to the kobold!
The orc knight hits you with a great mace!
You are feeling hungry.
You hit the orc knight but do no damage.
The orc knight looks as sick as possible!
The orc knight is heavily wounded.
The orc knight misses you.
You hit the orc knight but do no damage.
The orc knight looks as sick as possible!
The orc knight is heavily wounded.
The kobold throws a tomahawk of returning.
The tomahawk of returning hits you.
You barely miss the orc knight.
The orc knight is heavily wounded.
The orc knight hits you with a great mace!
You feel threatened and lose the ability to read scrolls!
The kobold throws a tomahawk of returning.
The tomahawk of returning barely misses you.
Unknown command.
You hit the orc knight but do no damage.
The orc knight looks as sick as possible!
The orc knight is severely wounded.
You can read scrolls again.
The kobold throws a tomahawk of returning.
The tomahawk of returning completely misses you.
The weapon returns to the kobold!
The orc knight drinks a potion.
The orc knight seems to grow stronger.
The kobold throws a tomahawk of returning.
The tomahawk of returning closely misses you.
The orc knight hits you with a great mace!!!
You feel threatened and lose the ability to read scrolls!
Ouch! That really hurt!
* * * LOW HITPOINT WARNING * * *
You see here a tomahawk of returning.
You feel much better.
The kobold throws a tomahawk of returning.
The tomahawk of returning barely misses you.
The weapon returns to the kobold!
The orc knight is stunned by your will and fails to attack.
The kobold throws a tomahawk of returning.
The tomahawk of returning barely misses you.
The weapon returns to the kobold!
There is an open door here.
The kobold throws a tomahawk of returning.
The tomahawk of returning misses you.
The weapon returns to the kobold!
Evoke which item? (* to show all) (? for menu, Esc to quit)
You have no means to grasp a wand firmly enough.
Unknown command.
Okay, then.
You barely miss the orc knight.
The orc knight is severely wounded.
The orc knight hits you with a great mace!!!
You die...

## ### ##### ### ###
#.# #.###)'.###.###∩#
#'##'##†###'##'##'##
#...)†## ##...)†##
###....)#####...).###
#.'..(.(os#.'..∩..'.#
###.))..#####.....###
##K....# #.....##
##g##'##'# #'##'##'##
#.###.# #.#.# #.###.#
#'# ### ### ### ###
#(# g#g# ##(# #'# #..
#.


You could see an orc knight, a gnoll and a kobold.

Vanquished Creatures
  3 two-headed ogres
  2 hippogriffs
  10 yaks (D:9)
  3 water moccasins (D:8)
  Duvessa (D:6)
  A sky beast (D:9)
  A black bear (D:8)
  2 ogres
  A centaur (D:7)
  5 bullfrogs
  Dowan (D:6)
  2 scorpions
  A bullfrog zombie (D:5)
  5 crimson imps
  4 hounds
  A quasit (D:5)
  6 orc wizards
  2 bullfrog skeletons
  An iguana (D:8)
  3 worker ants
  2 worker ant zombies
  9 adders
  11 gnolls
  2 shadow imps
  A white imp (D:9)
  2 adder skeletons
  3 worms
  2 dart slugs (D:1)
  2 leopard geckos
  8 orcs
  8 bats
  9 giant cockroaches
  4 goblins
  11 hobgoblins
  6 jackals
  13 kobolds
  3 quokkas
  A ball python (D:2)
  2 frilled lizards
  A goblin skeleton (D:9)
  A goblin zombie (D:9)
  4 hobgoblin zombies (D:9)
  A kobold zombie (D:9)
  A leopard gecko skeleton (D:5)
  6 rats
168 creatures vanquished.

Vanquished Creatures (collateral kills)
  A hippogriff (D:10)
  A worker ant (D:8)
  An adder (D:2)
  A kobold (D:2)
  A leopard gecko zombie (D:8)
5 creatures vanquished.

Vanquished Creatures (others)
  A worker ant (D:6)
1 creature vanquished.

Grand Total: 174 creatures vanquished

Notes
Turn   | Place    | Note
-------+----------+-------------------------------------------
     0 | D:1      | tidbits the Draconian Transmuter began the quest for the Orb.
     0 | D:1      | Reached XP level 1. HP: 16/16 MP: 3/3
   221 | D:1      | Reached skill level 1 in Stealth
   406 | D:1      | Reached XP level 2. HP: 23/23 MP: 1/5
   478 | D:1      | Reached skill level 2 in Stealth
   482 | D:1      | Learned a level 2 spell: Sticks to Snakes
  1144 | D:2      | Reached XP level 3. HP: 22/28 MP: 6/6
  1168 | D:2      | Found a radiant altar of Vehumet.
  1172 | D:2      | Found a sparkling altar of Nemelex Xobeh.
  1389 | D:2      | Found a shimmering altar of Xom.
  1391 | D:2      | Found a shimmering altar of Xom.
  1391 | D:2      | Found a shimmering altar of Xom.
  1391 | D:2      | Found a shimmering altar of Xom.
  1391 | D:2      | Found a shimmering altar of Xom.
  1415 | D:2      | Reached skill level 3 in Stealth
  1420 | D:2      | Learned a level 3 spell: Spider Form
  1608 | D:4      | Noticed vishdafish's ghost (amateur GrFi)
  1632 | D:3      | Found a shadowy altar of Dithmenos.
  1720 | D:2      | Reached skill level 1 in Poison Magic
  1760 | D:2      | Found a sacrificial altar of Ru.
  1775 | D:2      | Reached XP level 4. HP: 35/35 MP: 5/7
  1792 | D:2      | Became a worshipper of Ru the Awakened
  2473 | D:5      | Entered Level 5 of the Dungeon
  2517 | D:5      | Reached XP level 5. HP: 14/40 MP: 2/8
  2593 | D:5      | Reached skill level 4 in Unarmed Combat
  2649 | D:5      | Found a staircase to the Ecumenical Temple.
  2671 | D:5      | Noticed an ogre
  2792 | D:5      | Reached skill level 5 in Unarmed Combat
  2816 | D:5      | Reached XP level 6. HP: 43/47 MP: 2/9
  2966 | D:6      | Reached skill level 6 in Unarmed Combat
  2982 | D:6      | Gained mutation: You are sensitive to extremes of temperature. (rF-, rC-) [Ru sacrifice]
  2982 | D:6      | Reached * piety under Ru
  2982 | D:6      | Reached ** piety under Ru
  3052 | D:6      | Noticed Duvessa
  3066 | D:6      | Noticed Dowan
  3076 | D:6      | Killed Duvessa
  3076 | D:6      | Reached skill level 7 in Unarmed Combat
  3076 | D:6      | Your scales start taking on a rich purple colour.
  3076 | D:6      | Reached XP level 7. HP: 25/52 MP: 3/10
  3083 | D:6      | Killed Dowan
  3146 | D:6      | Noticed a two-headed ogre
  3191 | D:6      | Killed a two-headed ogre
  3191 | D:6      | Reached skill level 4 in Fighting
  3191 | D:6      | Reached skill level 4 in Dodging
  3191 | D:6      | Reached XP level 8. HP: 32/67 MP: 7/11
  3380 | D:6      | Reached skill level 5 in Fighting
  3833 | D:6      | You fall through a shaft!
  3911 | D:7      | Noticed a hippogriff
  3923 | D:7      | Killed a hippogriff
  3923 | D:7      | Reached skill level 6 in Fighting
  3923 | D:7      | Reached skill level 5 in Dodging
  4086 | D:8      | Found Emaberrako's Serpentskin Sales.
  4097 | D:8      | Reached skill level 3 in Transmutations
  4097 | D:8      | Reached XP level 9. HP: 72/78 MP: 8/13
  4142 | D:8      | Noticed a two-headed ogre
  4156 | D:8      | Killed a two-headed ogre
  4156 | D:8      | Reached skill level 4 in Spellcasting
  4156 | D:8      | Reached skill level 5 in Transmutations
  4165 | D:8      | Learned a level 5 spell: Blade Hands
  4180 | D:8      | Found a basalt altar of Yredelemnul.
  4298 | D:8      | Reached skill level 6 in Transmutations
  4407 | D:8      | Gained mutation: You cannot read scrolls while threatened. [Ru sacrifice]
  4407 | D:8      | Reached *** piety under Ru
  4407 | D:8      | Reached **** piety under Ru
  4430 | D:8      | Noticed a two-headed ogre
  4645 | D:8      | Reached skill level 7 in Transmutations
  4685 | D:8      | Killed a two-headed ogre
  4685 | D:8      | Reached skill level 8 in Transmutations
  4685 | D:8      | Reached XP level 10. HP: 51/84 MP: 13/17
  4748 | D:10     | Entered Level 10 of the Dungeon
  4835 | D:9      | Reached skill level 1 in Shields
  4847 | D:9      | Reached skill level 2 in Shields
  4854 | D:9      | Reached skill level 3 in Shields
  4869 | D:9      | HP: 1/84 [yak (15)]
  4952 | D:9      | Reached skill level 4 in Shields
  5101 | D:9      | Found a glowing golden altar of the Shining One.
  5107 | D:9      | Reached skill level 1 in Evocations
  5194 | D:9      | Reached skill level 2 in Evocations
  5206 | D:9      | Reached skill level 3 in Evocations
  5217 | D:9      | Reached skill level 4 in Evocations
  5360 | D:10     | Found Zauxaf's Assorted Antiques.
  5383 | D:10     | Reached skill level 5 in Evocations
  5410 | D:10     | Bought an amethyst potion for 20 gold pieces
  5410 | D:10     | Bought a scroll labeled GIHEWK QEBO for 23 gold pieces
  5410 | D:10     | Bought a sedimented pink potion for 20 gold pieces
  5421 | D:10     | Found a flagged portal.
  5438 | Bailey   | Entered a bailey
  5758 | Bailey   | Noticed an orc knight
  5780 | Bailey   | HP: 6/84 [orc knight/great mace (43)]
  5784 | Bailey   | Mangled by an orc knight

Skill      XL: |  1  2  3  4  5  6  7  8  9 10 |
---------------+-------------------------------+-----
Stealth        | 1 2 3 |  3.0
Poison Magic   | 1 |  1.6
Unarmed Combat | 5 7 |  7.4
Fighting       | 4 6 |  6.6
Dodging        | 4 5 |  5.7
Transmutations | 3 8 |  8.3
Spellcasting   | 4 |  4.9
Shields        | 4 |  4.1
Evocations     | 5 |  5.1

Action                   |  1- 3 |  4- 6 |  7- 9 | 10-12 || total
-------------------------+-------+-------+-------+-------++-------
Melee: Unarmed           |    85 |   102 |   218 |   173 ||   578
       Kick              |     7 |     3 |    16 |     9 ||    35
       Tailslap          |     4 |     2 |    26 |    10 ||    42
       Headbutt          |     3 |       |     9 |     2 ||    14
       Dagger            |     1 |     4 |       |       ||     5
       Punch             |     1 |       |     2 |       ||     3
 Fire: Hunting sling     |    39 |     5 |       |     3 ||    47
 Cast: Beastly Appendage |    20 |     6 |    18 |     7 ||    51
       Sticks to Snakes  |     7 |     4 |     7 |     2 ||    20
       Spider Form       |       |     9 |     7 |    11 ||    27
Invok: Sacrifice Resista |       |     1 |       |       ||     1
       Sacrifice Words   |       |       |     1 |       ||     1
       Power Leap        |       |       |       |     3 ||     3
 Abil: Breathe Dispellin |       |       |     4 |       ||     4
Evoke: Wand              |       |       |     2 |       ||     2
  Use: Scroll            |     2 |     1 |     1 |     1 ||     5
       Potion            |       |     2 |       |     2 ||     4
 Stab: Sleeping          |     1 |     3 |     4 |     3 ||    11
       Paralysed         |       |     1 |       |       ||     1
       Invisible         |       |     1 |       |     3 ||     4
       Distracted        |       |       |     1 |     1 ||     2
  Eat: Chunk             |     4 |     4 |     4 |     4 ||    16
       Meat ration       |       |     1 |       |       ||     1
       Fruit             |       |     1 |       |       ||     1
Armor: Skin              |    37 |    21 |    41 |    11 ||   110
Dodge: Dodged            |    63 |    91 |   145 |   112 ||   411
Block: Buckler           |       |       |       |     3 ||     3

Table legend:
 A = Turns spent in this place as a percentage of turns spent in the entire game.
 B = Non-inter-level travel turns spent in this place as a percentage of non-inter-level travel turns spent in the entire game.
 C = Inter-level travel turns spent in this place as a percentage of turns spent in this place.
 D = Turns resting spent in this place as a percentage of non-inter-level travel turns spent in this place.
 E = Turns spent auto-exploring this place as a percentage of non-inter-level travel turns spent in this place.
 F = Non-inter-level travel turns spent in this place divided by the number of levels of this place that you've seen.
                   A       B       C       D       E      F
               +-------+-------+-------+-------+-------+----------------------
         Total | 100.0 | 100.0 |   0.5 |   0.6 |   0.0 | 383.6
       Dungeon |  96.4 |  96.4 |   0.5 |   0.4 |   0.0 | 406.9
        Bailey |   3.6 |   3.6 |   0.0 |   4.6 |   0.0 | 151.0
               +-------+-------+-------+-------+-------+----------------------

Table legend:
 A = Kills in this place as a percentage of kills in entire the game.
 B = Kills by you in this place as a percentage of kills by you in the entire game.
 C = Kills by friends in this place as a percentage of kills by friends in the entire game.
 D = Other kills in this place as a percentage of other kills in the entire game.
 E = Experience gained in this place as a percentage of experience gained in the entire game.
 F = Experience gained in this place divided by the number of levels of this place that you have seen.
                   A       B       C       D       E      F
               +-------+-------+-------+-------+-------+----------------------
         Total | 100.0 | 100.0 | 100.0 | 100.0 | 100.0 | 781.6
       Dungeon |  87.4 |  86.9 | 100.0 | 100.0 |  98.5 | 846.5
        Bailey |  12.6 |  13.1 |   0.0 |   0.0 |   1.5 | 133.0
               +-------+-------+-------+-------+-------+----------------------

Vault maps used:
D:1:      dpeg_arrival_castle
D:2:      xom_redecorated, minitemple, first_bread,
          nicolae_ru_great_annihilating_truth
D:3:      nicolae_dithmenos_shadow_blocks
D:5:      lightli_temple_of_fire, minmay_temple_entry_grid
D:6:      uniq_duvessa
D:7:      grunt_ogre_cave
D:8:      lemuel_doored_altar, guppyfry_shop_venom
D:9:      nicolae_tso_besieged_by_evil
D:10:     enter_bailey_2, serial_shops, shop, minmay_misc_feat_pillars
Bailey:   bailey_axe_2, bailey
